[Event "42nd Olympiad Baku 2016 Open"]
[Site "Baku"]
[Date "2016.09.03"]
[Round "2.25"]
[White "Wojtaszek, Radoslaw"]
[Black "Salem, A R  Saleh"]
[Result "1-0"]
[ECO "D83"]
[WhiteElo "2736"]
[BlackElo "2628"]
[Annotator ""]
[PlyCount "101"]
[EventDate "2016.??.??"]
[EventCountry "AZE"]
[SourceTitle "playchess.com"]
[Source "ChessBase"]
[WhiteTeam "Poland"]
[BlackTeam "United Arab Emirates"]
[WhiteTeamCountry "POL"]
[BlackTeamCountry "UAE"]
[TimeControl "40/5400+30:1800+30"]

1. d4 {(00:00)} Nf6 {(00:00)} 2. c4 {(00:00)} g6 {(
00:00)} 3. Nc3 {(00:00)} d5 {(00:00)} 4. Bf4 {(00:00)} Bg7
{(00:00)} 5. e3 {(00:00)} O-O {(00:01)} 6. Rc1 {(
00:00)} c5 {(01:39)} 7. dxc5 {(00:12)} Be6 {(00:18)} 8.
Nf3 {(00:29)} Nc6 {(00:23)} 9. Be2 {(07:41)} Ne4 {(
09:25)} 10. Nd4 {(00:36)} Nxd4 {(00:49)} 11. exd4 {(00:07]
} Nxc3 {(00:04)} 12. bxc3 {(00:07)} dxc4 {(00:04)} 13. O-O
{(03:59)} Bd5 {(01:57)} 14. Bf3 {(14:41)} Qd7 {(00:
05)} 15. Rb1 {(06:20)} b6 {(02:38)} 16. Bxd5 {(04:16)}
Qxd5 {(00:06)} 17. cxb6 {(00:45)} axb6 {(00:04)} 18. a4 {
(01:12)} Ra6 {(04:41)} 19. Re1 {(08:03)} Bf6 {(03:
09)} 20. Be5 {(04:10)} Rfa8 {(05:29)} 21. Bxf6 {(00:36)}
exf6 {(00:02)} 22. Rb4 {(00:45)} Qd7 {(03:49)} 23. Qf3 {
(06:12)} Qd6 {(15:33)} 24. Qe2 {(01:14)} Qd7 {(04:
46)} 25. h3 {(00:23)} Kg7 {(02:40)} 26. Qf3 {(03:14)} Qd8
{(06:58)} 27. Qc6 {(03:44)} Rc8 {(14:15)} 28. Qb7 {
(02:41)} Raa8 {(00:12)} 29. Re7 {(11:23)} Qf8 {(00:
17)} 30. Re3 {(02:45)} Qd8 {(13:52)} 31. Qxb6 {(05:08)}
Qxb6 {(00:27)} 32. Rxb6 {(00:05)} Rxa4 {(00:09)} 33. g4 {
(00:10)} Rca8 {(06:32)} 34. Rc6 {(02:22)} R8a6 {(
01:47)} 35. Rc7 {(00:07)} Ra7 {(00:08)} 36. Ree7 {(00:06)}
Rxc7 {(00:01)} 37. Rxc7 {(00:08)} f5 {(04:40)} 38. gxf5 {
(00:34)} Kf6 {(00:12)} 39. fxg6 {(00:00)} hxg6 {(
00:00)} 40. Kg2 {(00:00)} Ke6 {(00:00)} 41. Rc5 {(06:56)}
Kd6 42. Kf3 Ke6 {(05:05)} 43. h4 {(00:36)} Kd6 {(00:17)}
44. Ke4 {(03:41)} Ra2 {(03:01)} 45. Ke3 {(00:21)} Ra4 {
(02:10)} 46. f3 {(00:37)} f6 {(16:46)} 47. Kf4 {(
00:56)} Ke6 {(00:31)} 48. Kg4 {(00:30)} Kd6 {(00:43)} 49.
h5 {(00:29)} gxh5+ {(00:25)} 50. Kxh5 {(00:07)} Ke6 51.
Kg4 {Kd5} 1-0

[Event "42nd Olympiad Baku 2016 Open"]
[Site "Baku"]
[Date "2016.09.03"]
[Round "2.5"]
[White "Zhang, Zhong"]
[Black "Ivanisevic, Ivan"]
[Result "1/2-1/2"]
[ECO "C45"]
[WhiteElo "2637"]
[BlackElo "2650"]
[Annotator ""]
[PlyCount "92"]
[EventDate "2016.??.??"]
[EventCountry "AZE"]
[SourceTitle "playchess.com"]
[Source "ChessBase"]
[WhiteTeam "Singapore"]
[BlackTeam "Serbia"]
[WhiteTeamCountry "SIN"]
[BlackTeamCountry "SRB"]
[TimeControl "40/5400+30:1800+30"]

1. e4 {(00:00)} e5 {(00:00)} 2. Nf3 {(00:25)} Nc6 {
(00:00)} 3. d4 {(00:26)} exd4 {(00:00)} 4. Nxd4 {(
00:03)} Bc5 {(00:11)} 5. Be3 {(01:07)} Qf6 {(00:10)} 6. c3
{(00:05)} Nge7 {(00:07)} 7. Bc4 {(01:03)} b6 {(00:
22)} 8. Qd2 {(03:42)} Bb7 {(05:36)} 9. f4 {(08:54)} O-O-O
{(07:31)} 10. O-O {(01:56)} d5 {(18:28)} 11. e5 {(
01:39)} Qh4 {(00:06)} 12. Bd3 {(01:33)} f6 {(08:11)} 13.
b4 {(15:10)} fxe5 {(02:48)} 14. bxc5 {(10:27)} exd4 {
(00:10)} 15. cxd4 {(00:23)} g6 {(03:54)} 16. Qc3 {(
08:19)} Nf5 {(14:21)} 17. Bxf5+ {(00:50)} gxf5 {(00:07)}
18. Nd2 {(00:11)} Rhg8 {(00:06)} 19. Nf3 {(14:19)} Qh3 {
(02:28)} 20. Ng5 {(04:24)} Qh5 {(00:57)} 21. Rac1 {
(06:01)} Rde8 {(03:47)} 22. Rf2 {(00:58)} Rg6 {(01:
08)} 23. cxb6 {(05:29)} axb6 {(00:48)} 24. a4 {(00:35)}
Rh6 {(07:02)} 25. g3 {(01:05)} Ba6 {(01:18)} 26. Nf3 {
(07:19)} Rg8 {(02:46)} 27. Ng5 {(00:13)} Bc4 {(02:
52)} 28. Qc2 {(01:06)} Qg4 {(01:52)} 29. Qb1 {(02:05)} Na5
{(04:23)} 30. Rc3 {(00:17)} Nb7 {(01:44)} 31. Bd2 {
(03:45)} Nd6 {(03:13)} 32. a5 {(00:09)} bxa5 {(02:
54)} 33. Ra3 {(00:30)} Ne4 {(02:53)} 34. Rxa5 {(01:34)}
Nxf2 {(01:53)} 35. Ra8+ {(00:31)} Kd7 {(00:01)} 36. Rxg8 {
(00:11)} Nh3+ {(01:00)} 37. Kh1 {(00:51)} Nxg5 {(
00:51)} 38. fxg5 {(00:28)} Re6 {(01:20)} 39. Rg7+ {(00:18]
} Re7 {(01:14)} 40. Rxe7+ {(00:00)} Kxe7 {(00:00)} 41.
Qe1+ {(06:27)} Kf7 {(02:45)} 42. Qe3 {(01:24)} Qd1+ {
(15:56)} 43. Qe1 {(00:22)} Qf3+ {(00:05)} 44. Kg1 {
(00:02)} Qd3 {(01:19)} 45. Qf2 {(00:53)} Kg6 {(01:
05)} 46. h3 {(01:58)} Qb1+ {(02:53)} 1/2-1/2

[Event "42nd Olympiad Baku 2016 Open"]
[Site "Baku"]
[Date "2016.09.03"]
[Round "2.5"]
[White "Zhigalko, Sergei"]
[Black "Asadli, Vugar"]
[Result "1-0"]
[ECO "C41"]
[WhiteElo "2652"]
[BlackElo "2406"]
[Annotator ""]
[PlyCount "105"]
[EventDate "2016.??.??"]
[EventCountry "AZE"]
[SourceTitle "playchess.com"]
[Source "ChessBase"]
[WhiteTeam "Belarus"]
[BlackTeam "Azerbaijan"]
[WhiteTeamCountry "BLR"]
[BlackTeamCountry "AZE"]
[TimeControl "40/5400+30:1800+30"]

1. e4 {(00:00)} d6 {(00:00)} 2. d4 {(00:00)} Nf6 {(
00:00)} 3. Nc3 {(00:00)} e5 {(00:00)} 4. Nf3 {(00:20)}
Nbd7 {(00:24)} 5. Bc4 {(00:38)} Be7 {(00:26)} 6. O-O {
(00:45)} O-O {(01:15)} 7. a4 {(00:47)} c6 {(03:02)}
8. Re1 {(02:43)} a5 {(01:20)} 9. Ba2 {(27:14)} Rb8 {
(19:59)} 10. h3 {(04:29)} b5 {(02:11)} 11. axb5 {(
08:21)} cxb5 {(01:41)} 12. Qd3 {(17:51)} Bb7 {(05:56)} 13.
dxe5 {(13:04)} dxe5 {(01:30)} 14. Qxb5 {(00:53)} Nxe4 {
(09:45)} 15. Nxe4 {(01:26)} Bxe4 {(00:05)} 16. Qe2 {
(00:03)} Bg6 {(00:08)} 17. Bb3 {(08:18)} Re8 {(07:
40)} 18. Bd2 {(02:40)} Bb4 {(07:37)} 19. Bxb4 {(04:43)}
Rxb4 {(02:06)} 20. Ba4 {(00:01)} Re7 {(04:47)} 21. Red1 {
(02:19)} Qc7 {(00:54)} 22. Bxd7 {(02:18)} e4 {(01:
51)} 23. c3 {(00:29)} Rb8 {(00:20)} 24. Nh4 {(00:49)} Rxd7
{(00:43)} 25. Rxd7 {(01:27)} Qxd7 {(00:02)} 26. Nxg6 {
(00:04)} hxg6 {(00:06)} 27. Rxa5 {(00:49)} f5 {(00:
19)} 28. b4 {(00:34)} Rc8 {(01:42)} 29. Rc5 {(00:39)} Ra8
{(00:24)} 30. Ra5 {(00:33)} Rc8 {(00:29)} 31. Rc5 {
(00:27)} Ra8 {(00:12)} 32. Qc4+ {(00:18)} Kh7 {(00:
15)} 33. Qd5 {(00:07)} Ra1+ {(08:27)} 34. Kh2 {(00:01)}
Qxd5 {(00:08)} 35. Rxd5 {(00:01)} Rc1 {(00:05)} 36. Rc5 {
(00:47)} f4 {(00:05)} 37. Re5 {(01:03)} Rxc3 {(00:
04)} 38. Rxe4 {(00:05)} g5 {(00:04)} 39. h4 {(00:45)} Kg6
{(01:45)} 40. f3 {(00:00)} Rc1 {(00:00)} 41. hxg5 {
(05:46)} Kxg5 {(07:05)} 42. Re5+ {(08:19)} Kh4 {(
00:47)} 43. Rf5 {(04:35)} g5 {(00:04)} 44. b5 {(00:23)}
Rb1 {(00:14)} 45. Rf8 {(00:08)} Kh5 {(02:19)} 46. Rb8 {
(00:13)} Kg6 {(01:29)} 47. b6 {(00:32)} Kg7 {(00:
24)} 48. Kh3 {(03:35)} Rb2 {(00:36)} 49. Kg4 {(04:27)}
Rxg2+ {(02:06)} 50. Kf5 {(00:04)} Rf2 {(00:18)} 51. Kxg5 {
(00:56)} Rxf3 {(00:59)} 52. Rb7+ {(00:07)} Kf8 {(
01:14)} 53. Rc7 {(00:33)} 1-0

[Event "42nd Olympiad Baku 2016 Open"]
[Site "Baku"]
[Date "2016.09.03"]
[Round "2.15"]
[White "Abdelazeez Mohamed Abdalla"]
[Black "Kett, Tim"]
[Result "0-1"]
[ECO "E05"]
[WhiteElo "2183"]
[BlackElo "2227"]
[Annotator ""]
[PlyCount "78"]
[EventDate "2016.??.??"]
[EventCountry "AZE"]
[SourceTitle "playchess.com"]
[Source "ChessBase"]
[WhiteTeam "Sudan"]
[BlackTeam "Wales"]
[WhiteTeamCountry "SUD"]
[BlackTeamCountry "WLS"]
[TimeControl "40/5400+30:1800+30"]

1. d4 {(00:00)} Nf6 {(00:00)} 2. c4 {(00:00)} e6 {(
00:00)} 3. Nf3 {(00:32)} d5 {(00:31)} 4. g3 {(03:53)} dxc4
{(01:56)} 5. Bg2 {(00:33)} Be7 {(00:30)} 6. O-O {(
00:12)} O-O {(00:09)} 7. Qc2 {(00:10)} a6 {(00:23)} 8. a4
{(00:07)} Bd7 {(22:13)} 9. Qxc4 {(01:38)} Bc6 {(00:
39)} 10. Bg5 {(00:25)} Nbd7 {(03:20)} 11. Nc3 {(02:28)} h6
{(03:01)} 12. Bxf6 {(01:09)} Nxf6 {(01:23)} 13. Rfe1 {
(03:11)} Qd6 {(17:06)} 14. e4 {(07:48)} Qb4 {(01:
16)} 15. Qa2 {(00:51)} Rfd8 {(07:28)} 16. Rad1 {(01:53)}
b5 {(05:04)} 17. d5 {(21:11)} exd5 {(00:39)} 18. exd5 {
(02:13)} Be8 {(00:34)} 19. Nd4 {(08:32)} Bd6 {(05:
44)} 20. Ne4 {(03:50)} Nxe4 {(05:00)} 21. Rxe4 {(00:41)}
Qxa4 {(03:23)} 22. Qb1 {(00:09)} b4 {(00:31)} 23. Rg4 {
(03:59)} Bd7 {(00:25)} 24. b3 {(00:10)} Qa3 {(01:
18)} 25. Nf5 {(00:23)} Bxf5 {(00:52)} 26. Qxf5 {(00:38)}
Qxb3 {(00:44)} 27. Re1 {(02:35)} Qc3 {(05:11)} 28. Re3 {
(03:14)} Qa1+ {(00:37)} 29. Bf1 {(00:10)} Re8 {(02:
15)} 30. Rf3 {(05:22)} Re1 {(00:56)} 31. Qxf7+ {(08:58)}
Kh8 {(00:08)} 32. Kg2 {(00:08)} Rxf1 {(02:53)} 33. Re3 {
(08:10)} Rf8 {(04:40)} 34. Re8 {(01:58)} Rg1+ {(00:
22)} 35. Kh3 {(00:06)} Qf6 {(00:37)} 36. Qh5 {(04:10)}
Rxe8 {(02:49)} 37. Qxe8+ {(00:25)} Qf8 {(00:20)} 38. Qg6 {
(00:31)} Re1 {(00:40)} 39. f4 {(01:40)} b3 {(00:40]
} 0-1

[Event "42nd Olympiad Baku 2016 Open"]
[Site "Baku"]
[Date "2016.09.03"]
[Round "2.35"]
[White "Abdul Rahman Ali"]
[Black "Delgadillo, Adonay"]
[Result "0-1"]
[ECO "A45"]
[WhiteElo "1853"]
[BlackElo "2232"]
[Annotator ""]
[PlyCount "78"]
[EventDate "2016.??.??"]
[EventCountry "AZE"]
[SourceTitle "playchess.com"]
[Source "ChessBase"]
[WhiteTeam "Maldives"]
[BlackTeam "Bolivia"]
[WhiteTeamCountry "MDV"]
[BlackTeamCountry "BOL"]
[TimeControl "40/5400+30:1800+30"]

1. d4 {(00:00)} Nf6 {(00:00)} 2. e3 {(00:42)} g6 {(
00:00)} 3. Bd3 {(00:58)} Bg7 {(00:10)} 4. f4 {(00:59)} d6
{(01:10)} 5. Nf3 {(00:19)} O-O {(00:39)} 6. O-O {(
00:12)} Nc6 {(00:13)} 7. c3 {(00:42)} e5 {(00:29)} 8. fxe5
{(01:38)} dxe5 {(00:09)} 9. Nbd2 {(03:00)} Qe7 {(
17:15)} 10. e4 {(07:20)} exd4 {(01:35)} 11. cxd4 {(01:35)}
Rd8 {(09:05)} 12. Nb3 {(00:41)} Nxe4 {(17:32)} 13. Bxe4 {
(04:22)} Qxe4 {(00:10)} 14. Ng5 {(00:18)} Qd5 {(00:
35)} 15. Nxf7 {(00:44)} Rf8 {(08:13)} 16. Nh6+ {(00:29)}
Kh8 {(00:15)} 17. Rxf8+ {(00:25)} Bxf8 {(00:04)} 18. Qf1 {
(01:14)} Be6 {(01:16)} 19. Be3 {(01:29)} Bg7 {(00:
32)} 20. Rc1 {(02:39)} Rf8 {(00:35)} 21. Qe1 {(01:42)}
Nxd4 {(12:31)} 22. Rxc7 {(13:30)} Bh3 {(12:54)} 23. Qd2 {
(04:18)} Nf3+ {(00:51)} 24. gxf3 {(02:27)} Qxf3 {(
00:02)} 25. Nf7+ {(04:05)} Kg8 {(00:02)} 26. Rc1 {(04:42)}
Rxf7 {(00:11)} 27. Qf2 {(01:11)} Qh5 {(00:16)} 28. Qg3 {
(01:19)} Be5 {(00:24)} 29. Qg5 {(03:35)} Qe2 {(00:
17)} 30. Qd8+ {(05:48)} Kg7 {(00:07)} 31. Bh6+ {(01:11)}
Kxh6 {(00:07)} 32. Qh4+ {(01:54)} Qh5 {(00:08)} 33. Qxh5+
{(01:36)} Kxh5 {(00:03)} 34. Rd1 {(02:05)} Bc7 {(
00:21)} 35. Nc5 {(01:45)} Bf4 {(00:50)} 36. Ne4 {(00:53)}
Be3+ {(00:31)} 37. Kh1 {(00:29)} Bg4 {(00:13)} 38. Rd5+ {
(04:01)} Kh4 {(00:34)} 39. Nd2 {(00:41)} Rf1+ {(00:
16)} 0-1

[Event "42nd Olympiad Baku 2016 Open"]
[Site "Baku"]
[Date "2016.09.03"]
[Round "2.32"]
[White "Abdullah, Mohd Kamal"]
[Black "Michel Yunis, Christian D"]
[Result "1-0"]
[ECO "B40"]
[WhiteElo "2100"]
[BlackElo "2234"]
[Annotator ""]
[PlyCount "77"]
[EventDate "2016.??.??"]
[EventCountry "AZE"]
[SourceTitle "playchess.com"]
[Source "ChessBase"]
[WhiteTeam "Malaysia"]
[BlackTeam "Palestine"]
[WhiteTeamCountry "MAS"]
[BlackTeamCountry "PLE"]
[TimeControl "40/5400+30:1800+30"]

1. e4 {(00:00)} c5 {(00:00)} 2. Nf3 {(00:15)} e6 {(
00:04)} 3. c4 {(00:10)} Nc6 {(01:33)} 4. Nc3 {(01:10)} a6
{(09:38)} 5. Be2 {(11:11)} Nge7 {(15:42)} 6. O-O {(
26:41)} Qc7 {(11:59)} 7. d4 {(10:08)} cxd4 {(01:08)} 8.
Nxd4 {(00:07)} Nxd4 {(08:54)} 9. Qxd4 {(00:07)} Nc6 {
(00:12)} 10. Qd3 {(13:53)} Bc5 {(09:36)} 11. a3 {(
01:10)} O-O {(13:10)} 12. b4 {(09:05)} Be7 {(00:11)} 13.
f4 {(01:29)} d6 {(00:25)} 14. Be3 {(00:43)} Bf6 {(
04:26)} 15. Rac1 {(00:34)} Qe7 {(02:04)} 16. Na4 {(04:05)}
g5 {(05:20)} 17. e5 {(05:17)} dxe5 {(03:34)} 18. Bc5 {
(00:20)} Qd8 {(02:58)} 19. Qe4 {(01:40)} Be7 {(01:
27)} 20. Bxe7 {(04:51)} Nxe7 {(05:03)} 21. fxe5 {(01:13)}
Bd7 {(00:54)} 22. Rcd1 {(01:25)} Qc7 {(00:11)} 23. Nc5 {
(02:22)} Bc6 {(00:05)} 24. Qe3 {(00:45)} Ng6 {(00:
16)} 25. Rd6 {(00:57)} h6 {(00:59)} 26. Rf6 {(00:42)} Kg7
{(01:12)} 27. Rfxe6 {(00:25)} Rae8 {(00:03)} 28. Rxg6+ {
(02:26)} fxg6 {(00:01)} 29. Qd4 {(00:22)} Rf4 {(01:
14)} 30. Qc3 {(00:06)} Qf7 {(00:49)} 31. Bd3 {(01:06)} Rg4
{(00:49)} 32. Rxg6+ {(00:32)} Qxg6 {(00:41)} 33. Bxg6 {
(00:03)} Rxg2+ {(00:13)} 34. Kf1 {(00:14)} Rf8+ {(
01:08)} 35. Ke1 {(00:14)} Rg1+ {(00:23)} 36. Ke2 {(00:29)}
Rg2+ {(00:23)} 37. Ke1 {(00:17)} Kxg6 {(00:52)} 38. Qd3+ {
(00:37)} Kg7 {(00:05)} 39. Ne6+ {(00:04)} 1-0

[Event "42nd Olympiad Baku 2016 Open"]
[Site "Baku"]
[Date "2016.09.03"]
[Round "2.35"]
[White "Adebo, Muhaba Detamo"]
[Black "Wahid, Hussain"]
[Result "0-1"]
[ECO "A11"]
[WhiteElo "1944"]
[BlackElo "2018"]
[Annotator ""]
[PlyCount "200"]
[EventDate "2016.??.??"]
[EventCountry "AZE"]
[SourceTitle "playchess.com"]
[Source "ChessBase"]
[WhiteTeam "Ethiopia"]
[BlackTeam "Pakistan"]
[WhiteTeamCountry "ETH"]
[BlackTeamCountry "PAK"]
[TimeControl "40/5400+30:1800+30"]

1. c4 {(00:00)} c6 {(00:00)} 2. Nc3 {(00:42)} d5 {(
00:19)} 3. cxd5 {(04:32)} cxd5 {(00:04)} 4. d4 {(00:18)}
Nc6 {(00:40)} 5. Nf3 {(01:01)} Nf6 {(01:36)} 6. Bg5 {
(00:37)} e6 {(00:47)} 7. e3 {(02:56)} Be7 {(00:30)}
8. Rc1 {(01:04)} Qa5 {(05:16)} 9. a3 {(07:25)} Ne4 {
(04:04)} 10. Bxe7 {(01:20)} Nxe7 {(01:13)} 11. Bb5+ {
(01:34)} Kf8 {(02:12)} 12. Bd3 {(01:46)} Nxc3 {(03:
32)} 13. Rxc3 {(00:21)} f6 {(03:45)} 14. O-O {(03:55)} Bd7
{(00:34)} 15. Qc2 {(10:33)} Kf7 {(03:55)} 16. Rc1 {
(06:12)} Rac8 {(02:26)} 17. b4 {(11:11)} Rxc3 {(03:
40)} 18. Qxc3 {(00:10)} Qb6 {(00:17)} 19. Qd2 {(02:07)}
Nc6 {(09:21)} 20. Rc5 {(00:43)} Qd8 {(01:54)} 21. h3 {
(01:08)} Qb8 {(05:28)} 22. Qc2 {(02:25)} Ne7 {(01:
24)} 23. Nh4 {(10:37)} g6 {(02:47)} 24. Nf3 {(00:18)} b6 {
(00:21)} 25. Rc3 {(00:54)} Rc8 {(00:17)} 26. Ba6 {(
01:47)} Rxc3 {(00:16)} 27. Qxc3 {(00:10)} b5 {(00:18)} 28.
Qc5 {(05:08)} Nf5 {(01:25)} 29. Nd2 {(03:36)} Nd6 {
(00:46)} 30. Nb3 {(06:54)} Qb6 {(01:48)} 31. Qxb6 {
(00:12)} axb6 {(00:20)} 32. Nd2 {(00:50)} Ke7 {(00:
24)} 33. Kf1 {(02:30)} Kd8 {(00:41)} 34. Nb1 {(01:18)} Kc7
{(00:13)} 35. Nc3 {(00:36)} Kb8 {(00:48)} 36. a4 {(
00:15)} bxa4 {(00:06)} 37. Bd3 {(00:55)} b5 {(02:21)} 38.
Ke2 {(01:35)} Kc7 {(00:42)} 39. Kd2 {(01:46)} Kc6 {
(01:05)} 40. f4 {(00:00)} Kb6 {(00:00)} 41. g4 {(
02:15)} Bc6 {(04:37)} 42. Kc2 {(03:55)} Kc7 {(00:21)} 43.
Kd2 {(02:05)} Kd8 {(00:10)} 44. Ke2 {(01:37)} Ke7 {
(00:37)} 45. Kf3 {(04:45)} Kf7 {(01:37)} 46. Ke2 {(
02:08)} Kg7 {(01:49)} 47. g5 {(01:25)} fxg5 {(05:25)} 48.
fxg5 {(00:43)} Kf7 {(01:19)} 49. Kf3 {(01:16)} e5 {
(12:24)} 50. Kf2 {(07:44)} e4 {(00:38)} 51. Bf1 {(
00:58)} Ke6 {(01:21)} 52. Kg3 {(02:18)} a3 {(02:22)} 53.
Be2 {(03:31)} Nc4 {(02:54)} 54. Kf4 {(02:40)} Nb2 {
(01:54)} 55. Na2 {(00:32)} Nd3+ {(00:28)} 56. Kg3 {
(00:54)} Bd7 {(01:49)} 57. h4 {(01:00)} Kd6 {(00:
56)} 58. Bd1 {(02:05)} Bf5 {(01:47)} 59. Be2 {(00:40)} Ke7
{(00:41)} 60. Bf1 {(00:36)} Kd8 {(01:29)} 61. Be2 {
(00:02)} Kc7 {(00:21)} 62. Bf1 {(00:28)} Kb6 {(00:
40)} 63. Be2 {(00:01)} Bd7 {(00:53)} 64. Bd1 {(00:04)} Ka6
{(06:33)} 65. Bb3 {(00:58)} Be6 {(00:15)} 66. Bd1 {
(00:22)} Kb6 {(00:50)} 67. Bb3 {(00:19)} Kc7 {(01:
15)} 68. Bd1 {(01:19)} Bd7 {(00:20)} 69. Bb3 {(01:16)} Bc6
{(00:29)} 70. Bd1 {(00:02)} Kd6 {(03:13)} 71. Bb3 {
(01:10)} Ke7 {(00:59)} 72. Bd1 {(00:10)} Kf7 {(00:
40)} 73. Bb3 {(00:49)} Kg7 {(01:13)} 74. Bd1 {(00:15)} h6
{(06:25)} 75. Be2 {(01:14)} h5 {(01:43)} 76. Bf1 {(
00:31)} Bd7 {(00:08)} 77. Be2 {(00:16)} Kf7 {(00:07)} 78.
Bd1 {(00:04)} Ke6 {(00:11)} 79. Be2 {(00:31)} Kd6 {
(00:03)} 80. Bd1 {(00:30)} Kc6 {(00:20)} 81. Bb3 {(
00:40)} Bg4 {(00:27)} 82. Bc2 {(01:47)} Be2 {(00:27)} 83.
Bb3 {(01:46)} Nb2 {(00:34)} 84. Kf2 {(01:33)} Bc4 {
(00:53)} 85. Bxc4 {(00:12)} bxc4 {(00:48)} 86. Ke2 {
(00:44)} Kb5 {(00:25)} 87. Kd2 {(00:03)} Na4 {(01:
21)} 88. Kc2 {(00:42)} Kc6 {(00:43)} 89. Kd2 {(00:28)} Kd6
{(00:17)} 90. Kc2 {(00:30)} Ke6 {(00:45)} 91. Nc1 {
(00:51)} Kf5 {(00:33)} 92. Na2 {(00:40)} Kg4 {(00:
14)} 93. Nc3 {(00:04)} Nb6 {(00:07)} 94. Kb1 {(00:41)}
Kxh4 {(00:04)} 95. Ka2 {(00:00)} Kxg5 {(00:09)} 96. Kxa3 {
(00:01)} h4 {(00:02)} 97. Na4 {(00:01)} Nd7 {(00:
12)} 98. Nc5 {(00:05)} Nb8 {(00:16)} 99. Ne6+ {(00:09)}
Kf5 {(00:14)} 100. Nf4 {(00:02)} g5 {(00:12)} 0-1

[Event "42nd Olympiad Baku 2016 Open"]
[Site "Baku"]
[Date "2016.09.03"]
[Round "2.33"]
[White "Aderito, Pedro"]
[Black "Mctigue, James"]
[Result "1-0"]
[ECO "C02"]
[WhiteElo "2315"]
[BlackElo "2205"]
[Annotator ""]
[PlyCount "74"]
[EventDate "2016.??.??"]
[EventCountry "AZE"]
[SourceTitle "playchess.com"]
[Source "ChessBase"]
[WhiteTeam "Angola"]
[BlackTeam "U.S. Virgin Islands"]
[WhiteTeamCountry "ANG"]
[BlackTeamCountry "ISV"]
[TimeControl "40/5400+30:1800+30"]

1. e4 {(01:54)} e6 {(00:00)} 2. d4 {(00:54)} d5 {(
00:00)} 3. e5 {(00:27)} c5 {(00:00)} 4. Qg4 {(00:18)} cxd4
{(07:31)} 5. Nf3 {(00:39)} Nc6 {(00:28)} 6. Bd3 {(
00:13)} Nb4 {(12:03)} 7. O-O {(00:23)} Nxd3 {(01:01)} 8.
cxd3 {(00:19)} Bd7 {(08:52)} 9. Nxd4 {(08:20)} Rc8 {
(04:52)} 10. Nc3 {(03:18)} a6 {(08:39)} 11. Kh1 {(
03:21)} h5 {(02:27)} 12. Qe2 {(01:08)} Ne7 {(04:02)} 13.
Bg5 {(01:28)} Qb6 {(00:24)} 14. Be3 {(00:52)} Qc7 {
(01:30)} 15. f4 {(00:37)} g6 {(00:28)} 16. Rac1 {(
00:20)} Qb8 {(01:15)} 17. Bf2 {(01:33)} Nc6 {(01:18)} 18.
Nf3 {(05:01)} Be7 {(01:23)} 19. Bb6 {(04:43)} O-O {
(05:48)} 20. Qe3 {(05:07)} Kg7 {(00:27)} 21. Ne2 {(
03:55)} Nb4 {(02:18)} 22. a3 {(00:25)} Rxc1 {(00:46)} 23.
Rxc1 {(00:13)} Nc6 {(00:10)} 24. Nc3 {(04:11)} f6 {
(03:11)} 25. exf6+ {(00:35)} Bxf6 {(00:12)} 26. d4 {
(01:39)} Rc8 {(06:42)} 27. Rf1 {(00:58)} Re8 {(04:
55)} 28. Na4 {(02:34)} Qd6 {(02:18)} 29. Bc5 {(00:36)} Qc7
{(02:18)} 30. Rc1 {(00:55)} Qd8 {(02:02)} 31. Nb6 {
(00:27)} Be7 {(01:47)} 32. Ng5 {(03:03)} Bxg5 {(04:
06)} 33. fxg5 {(00:11)} Qc7 {(03:20)} 34. Rf1 {(00:27)}
Ne7 {(01:44)} 35. Nxd7 {(01:06)} Qxd7 {(00:17)} 36. Qe5+ {
(00:14)} Kg8 {(02:59)} 37. Qf6 {(00:30)} Qd8 {(00:
34)} 1-0

[Event "42nd Olympiad Baku 2016 Open"]
[Site "Baku"]
[Date "2016.09.03"]
[Round "2.20"]
[White "Adesina, Adeyinka"]
[Black "Hemam, Moulaye Brahim"]
[Result "1-0"]
[ECO "D02"]
[WhiteElo "2259"]
[BlackElo "2032"]
[Annotator ""]
[PlyCount "109"]
[EventDate "2016.??.??"]
[EventCountry "AZE"]
[SourceTitle "playchess.com"]
[Source "ChessBase"]
[WhiteTeam "Nigeria"]
[BlackTeam "MTN"]
[WhiteTeamCountry "NGR"]
[TimeControl "40/5400+30:1800+30"]

1. Nf3 {(00:00)} d5 {(00:04)} 2. d4 {(00:00)} Nf6 {
(00:16)} 3. c4 {(00:07)} e6 {(00:15)} 4. Qc2 {(01:
08)} Nbd7 {(01:21)} 5. Bd2 {(00:43)} Be7 {(01:53)} 6. g4 {
(07:30)} h5 {(07:07)} 7. g5 {(04:16)} Ne4 {(01:33)}
8. Rg1 {(00:18)} Nxd2 {(06:01)} 9. Nbxd2 {(00:28)} g6 {
(01:29)} 10. a3 {(01:43)} c6 {(15:38)} 11. e4 {(00:
29)} dxe4 {(03:26)} 12. Qxe4 {(02:58)} a5 {(04:50)} 13. c5
{(00:59)} Qc7 {(03:34)} 14. Rc1 {(01:46)} O-O {(08:
35)} 15. Nh4 {(03:09)} Kh7 {(13:33)} 16. Be2 {(03:22)} Rh8
{(08:36)} 17. Nxg6 {(23:04)} fxg6 {(00:32)} 18. Qxe6 {
(00:46)} Bxg5 {(06:12)} 19. Qf7+ {(09:05)} Kh6 {(
01:10)} 20. Rxg5 {(00:28)} Kxg5 {(04:33)} 21. Nf3+ {(15:
28)} Kh6 {(00:40)} 22. Bd3 {(01:14)} Ne5 {(04:18)} 23.
Qxc7 {(13:44)} Nxd3+ {(00:09)} 24. Kd2 {(00:19)} Nxc1 {
(00:26)} 25. Qf4+ {(00:07)} Kg7 {(02:01)} 26. Qe5+ {
(00:13)} Kg8 {(00:27)} 27. Qe8+ {(01:39)} Kg7 {(00:
07)} 28. Qe7+ {(00:36)} Kh6 {(00:25)} 29. Qg5+ {(03:02)}
Kg7 {(00:12)} 30. Qe5+ {(00:42)} Kg8 {(00:11)} 31. Kxc1 {
(00:40)} Bf5 {(01:51)} 32. Ng5 {(00:52)} Rd8 {(00:
49)} 33. h4 {(00:15)} Rd7 {(01:36)} 34. Kd2 {(01:03)} Rd8
{(01:20)} 35. Kc3 {(00:19)} Rf8 {(01:13)} 36. f4 {(
01:39)} Bg4 {(00:09)} 37. b4 {(01:38)} axb4+ {(00:16)} 38.
axb4 {(00:08)} Rh6 {(01:17)} 39. b5 {(00:18)} Rh8 {
(00:15)} 40. b6 {(00:00)} Bc8 {(00:00)} 41. Qc7 {(
01:52)} Rh6 {(02:57)} 42. Kd2 {(02:21)} Rh8 {(03:34)} 43.
Ke3 {(00:18)} Re8+ {(05:38)} 44. Kf2 {(00:16)} Rf8 {
(00:15)} 45. Kg3 {(00:10)} Rh6 {(01:16)} 46. Qe7 {(
00:19)} Rh8 {(00:50)} 47. Qc7 {(02:22)} Rh6 {(00:12)} 48.
d5 {(00:09)} cxd5 {(02:08)} 49. c6 {(02:23)} bxc6 {
(00:16)} 50. b7 {(00:23)} Bxb7 {(00:12)} 51. Qxb7 {
(00:11)} Rf5 {(03:48)} 52. Qc8+ {(02:13)} Kg7 {(00:
15)} 53. Qd7+ {(00:16)} Kg8 {(00:37)} 54. Qe8+ {(00:04)}
Kg7 {(01:25)} 55. Qe7+ {(00:46)} 1-0